 Dungeon Crawl Stone Soup version 0.18.1-48-g4cf74bf (webtiles) character file.

98912 GFox the Severer (level 15, -4/143 HPs)
             Began as a Minotaur Monk on June 1, 2016.
             Was a High Priest of the Shining One.
             Slain by an iron troll (14 damage)
             ... while paralysed by a sphinx
             ... on level 1 of the Depths on July 2, 2016.
             The game lasted 03:36:22 (19233 turns).

GFox the Severer (Minotaur Monk)                   Turns: 19233, Time: 03:36:23

Health: -4/143     AC: 26    Str: 22    XL:     15   Next: 76%
Magic:  18/18      EV:  2    Int: 10    God:    the Shining One [*****.]
Gold:   1949       SH:  0    Dex: 17    Spells: 0 memorised, 14 levels left

rFire  + . .     SeeInvis .     D - +7 war axe (holy)
rCold  + + +     Gourm    .     E - +7 chain mail of Wasted Space {+Inv rF+ Int-2 Dex+2}
rNeg   + + .     Faith    +     m - +3 buckler {rC+}
rPois  .         Spirit   .     (helmet unavailable)
rElec  .         Dismiss  .     (no cloak)
rCorr  .         Reflect  .     q - +0 pair of gloves
SustAt .         Harm     .     s - +2 pair of boots {rC+}
MR     +....     Rnd*Rage +     j - amulet of faith
Stlth  ..........               d - +3 ring of intelligence
                                K - +2 ring of protection

@: paralysed, glowing, somewhat resistant to hostile enchantments, extremely
unstealthy
A: retaliatory headbutt, horns 3, thin skeletal structure 1, berserk 2, clever
1, cold resistance 1, low mp 1
a: Divine Shield, Cleansing Flame, Summon Divine Warrior, Renounce Religion,
Evoke Invisibility


You were on level 1 of the Depths.
You worshipped the Shining One.
The Shining One was extremely pleased with you.
You were not hungry.

You visited 2 branches of the dungeon, and saw 16 of its levels.
You also visited: Ossuary and Ice Cave.

You collected 2145 gold pieces.
You spent 196 gold pieces at shops.

Inventory:

Hand Weapons
 D - a +7 war axe of holy wrath (weapon)
Armour
 m - a +3 buckler of cold resistance (worn)
 q - a +0 pair of gloves (worn)
 s - a +2 pair of boots of cold resistance (worn)
 E - the +7 chain mail of Wasted Space (worn) {+Inv rF+ Int-2 Dex+2}
   (You found it on level 7 of the Dungeon)

   It affects your intelligence (-2).
   It affects your dexterity (+2).
   It protects you from fire.
   It lets you turn invisible.
Jewellery
 d - a +3 ring of intelligence (right hand)
 j - an amulet of faith (around neck)
 y - an uncursed ring of protection from fire
 F - an uncursed ring of sustain attributes
 K - a +2 ring of protection (left hand)
 O - an uncursed ring of stealth
Wands
 t - a wand of iceblast (4/15)
 A - a wand of iceblast (5/15)
 J - a wand of lightning (0/15)
 L - a wand of lightning (3/15)
 N - a wand of lightning (8/15)
Scrolls
 h - 3 scrolls of teleportation
 n - 5 scrolls of recharging
 o - 7 scrolls of amnesia
 p - a scroll of fog
 u - a scroll of magic mapping
 x - 2 scrolls of blinking
 C - 6 scrolls of remove curse
 I - a scroll of fear
Potions
 e - 3 potions of agility
 i - 2 potions of lignification
 k - 3 potions of curing
 r - 2 potions of brilliance
 z - a potion of might
 B - 2 potions of flight
 G - a potion of cancellation
Miscellaneous
 g - a lamp of fire
 l - a box of beasts {used: 1}
 v - a plain deck of defence {drawn: 3}
 H - a phial of floods
Comestibles
 a - a slice of pizza
 b - 11 bread rations
 c - 10 beef jerkies
 f - 3 meat rations
 w - 18 chunks of flesh


   Skills:
 + Level 15.8 Fighting
 + Level 16.7 Axes
 + Level 13.1 Armour
 + Level 10.1 Dodging
 + Level 3.2 Stealth
 + Level 10.0 Shields
 + Level 10.5 Unarmed Combat
 + Level 8.6 Invocations
 + Level 2.0 Evocations


You had 14 spell levels left.
You didn't know any spells.

Dungeon Overview and Level Annotations

Branches:
Dungeon (15/15)            Temple (0/1) D:7            Lair (0/8) D:8
    Orc (0/2) D:12         Vaults (0/5) D:14         Depths (1/5) D:15

Altars:
Ashenzari
Cheibriados
Elyvilon
Fedhas
Gozag
Kikubaaqudgha
Okawaru
Qazlal
Ru
Sif Muna
Trog
Vehumet
Xom
Yredelemnul
Zin
The Shining One

Shops:
D:8 !

Portals:
Ziggurat: Depths:1


Innate Abilities, Weirdness & Mutations

You reflexively headbutt those who attack you in melee.
You have a pair of large horns on your head.
You have a somewhat thin skeletal structure (Dex +2, Stealth).
You often lose your temper in combat.
Your mind is acute. (Int +2)
Your flesh is cold resistant.
Your magical capacity is low (-10% MP).


Message History

You hit the iron troll but do no damage.
The iron troll is moderately wounded.
You block the iron troll's attack. x3
You slash the iron troll!
You headbutt the iron troll, but do no damage.
The iron troll is heavily wounded.
The sphinx casts a spell.
You suddenly lose the ability to move!
The iron troll bites you!
The iron troll claws you but does no damage. x2
The sphinx hits you!
The sphinx hits you but does no damage. x2
The iron troll bites you!!
* * * LOW HITPOINT WARNING * * *
The iron troll claws you!
* * * LOW HITPOINT WARNING * * *
The iron troll claws you but does no damage.
The sphinx hits you but does no damage. x2; The sphinx completely misses you.
The sphinx hits you but does no damage. x3
The iron troll bites you!
You die...

##'## ##.#
#####'#### #.).#
### ##..# #...#
##..## ##### #
#..## .... ##'##
#.## ######
#....######'####
#.....†........#
.....'TH†#.....#
....##@.'.....#
. ##.#.....#
##....(.#
#.#'### #...#
#..#### #....#
####.# #.#


You could see a sphinx and an iron troll.

Vanquished Creatures
  A tengu reaver (D:15)
  Louise (D:15)
  Maud (D:11)
  3 frost giants
  A stone giant (Depths:1)
  5 fire dragons
  4 ogre magi
  2 vault guards (D:14)
  2 yaktaur captains
  An entropy weaver (Depths:1)
  A great orb of eyes (Depths:1)
  2 ice dragons
  Harold (D:12)
  5 hydras
  A catoblepas (D:15)
  11 centaur warriors
  A deep troll shaman (Depths:1)
  A tengu warrior (D:15)
  A deep troll earth mage (Depths:1)
  Urug (D:15)
  8 skeletal warriors
  An iron troll (Depths:1)
  An unseen horror (shapeshifter) (D:14)
  3 unseen horrors
  A deep troll (shapeshifter) (D:15)
  5 hill giants
  A deep elf mage (D:15)
  2 orc knights (D:15)
  Pikel (D:7)
  A harpy (Depths:1)
  A necromancer (D:14)
  4 ugly things
  4 wizards
  5 griffons
  A cyclops (D:15)
  2 manticores
  4 centaur zombies
  Joseph (D:7)
  2 ice statues (IceCv)
  2 gargoyles
  3 centaur skeletons (D:15)
  3 efreet
  A redback zombie (D:15)
  2 freezing wraiths (D:15)
  4 yaktaurs (D:15)
  A komodo dragon (D:15)
  10 ice devils (IceCv)
  2 trolls
  6 two-headed ogres
  A wolf spider simulacrum (D:15)
  A harpy skeleton (D:15)
  14 slime creatures
  A boulder beetle (D:15)
  A hornet zombie (D:15)
  2 shadows
  A centaur simulacrum (D:15)
  A redback (Depths:1)
  2 wyverns
  A water elemental (Depths:1)
  2 wraiths (D:14)
  18 yaks
  A yak (shapeshifter) (D:15)
  The ghost of Strunz the Skirmisher, an amateur DrWn (D:3)
  Menkaure (D:7)
  A human (shapeshifter) (D:13)
  19 humans
  4 hippogriffs
  2 hungry ghosts
  A mottled dragon (D:11)
  A warg (D:15)
  6 vampire mosquitoes (D:15)
  7 hell hounds
  A black bear (D:9)
  11 orc warriors
  4 sky beasts
  3 ice beasts
  3 necrophages
  2 phantoms
  9 ogres
  8 centaurs
  A big kobold (D:7)
  A crocodile (D:12)
  12 giant frogs
  2 wyvern skeletons
  35 killer bees
  A scorpion (D:10)
  5 wights
  5 howler monkeys
  2 giant frog zombies
  A wasp zombie (D:8)
  6 crimson imps
  10 hounds
  22 orc wizards
  6 orc priests
  2 jellies
  A giant frog skeleton (D:13)
  4 iguanas
  10 worker ants
  4 sheep (D:8)
  8 mummies (Ossuary)
  7 gnolls
  2 howler monkey skeletons (D:8)
  14 adders
  7 shadow imps
  7 white imps (IceCv)
  7 ufetubi (IceCv)
  An adder zombie (D:6)
  3 worms
  6 giant geckos
  54 orcs
  3 ball pythons
  6 bats
  A giant cockroach (D:4)
  A gnoll zombie (Ossuary)
  4 goblins
  11 hobgoblins
  26 jackals
  10 quokkas
  A giant gecko skeleton (D:6)
  5 giant newts
  3 hobgoblin zombies (Ossuary)
  10 kobolds
  4 kobold zombies (Ossuary)
  A quokka zombie (D:8)
  13 rats
  6 plants (Depths:1)
609 creatures vanquished.

Vanquished Creatures (collateral kills)
  A sphinx (Depths:1)
  A very ugly thing (Depths:1)
  A stone giant (Depths:1)
  A salamander stormcaller (D:15)
  Azrael (D:12)
  2 fire dragons (Depths:1)
  An entropy weaver (Depths:1)
  7 hydras
  A centaur warrior (Depths:1)
  An ogre mage (Depths:1)
  A deep elf knight (D:15)
  2 flayed ghosts
  2 deep trolls (Depths:1)
  A phantasmal warrior (D:15)
  5 griffons
  3 ugly things
  A cyclops (D:15)
  A deep elf mage (D:15)
  6 manticores
  An efreet (D:15)
  A jumping spider (Depths:1)
  A two-headed ogre (Depths:1)
  4 slime creatures
  A redback (Depths:1)
  3 fire elementals (D:12)
  3 hell hounds
  A giant eyeball (shapeshifter) (D:15)
  An eye of draining (D:15)
  3 boggarts (Depths:1)
  3 ogres (Depths:1)
  A scorpion (D:11)
  3 killer bees (D:11)
  A wight (D:12)
  A quasit (D:11)
67 creatures vanquished.

Vanquished Creatures (others)
  A giant frog (D:7)
  A white imp (IceCv)
  2 ufetubi (IceCv)
  A goblin (D:3)
  A bat (D:3)
  2 fungi (D:15)
  19 plants
27 creatures vanquished.

Grand Total: 703 creatures vanquished

Notes
Turn   | Place    | Note
--------------------------------------------------------------
     0 | D:1      | GFox the Minotaur Monk began the quest for the Orb.
     0 | D:1      | Reached XP level 1. HP: 19/19 MP: 0/0
    92 | D:1      | Reached XP level 2. HP: 19/27 MP: 1/1
   801 | D:2      | Reached skill level 5 in Unarmed Combat
   801 | D:2      | Reached XP level 3. HP: 33/33 MP: 2/2
   831 | D:2      | Found a shattered altar of Ashenzari.
  1210 | D:2      | Reached XP level 4. HP: 7/40 MP: 3/3
  1748 | D:2      | Found a glowing golden altar of the Shining One.
  1760 | D:2      | Became a worshipper of the Shining One
  1760 | D:2      | Reached * piety under the Shining One
  1760 | D:2      | Reached ** piety under the Shining One
  1801 | D:2      | Found an opulent altar of Gozag.
  1801 | D:2      | Found a glowing silver altar of Zin.
  2338 | D:3      | Reached XP level 5. HP: 47/47 MP: 4/4
  2713 | D:3      | Found a snail-covered altar of Cheibriados.
  2715 | D:3      | Noticed Strunz's ghost (amateur DrWn)
  2747 | D:3      | Killed Strunz's ghost
  2747 | D:3      | Reached skill level 5 in Fighting
  2747 | D:3      | Reached skill level 1 in Armour
  2747 | D:3      | Reached XP level 6. HP: 12/56 MP: 1/5
  3441 | D:4      | Reached XP level 7. HP: 60/61 MP: 6/6
  4022 | D:5      | Entered Level 5 of the Dungeon
  4409 | D:5      | Noticed a moth of wrath
  4412 | D:5      | Found a bloodstained altar of Trog.
  4786 | D:6      | Found a sacrificial altar of Ru.
  4861 | D:6      | Reached skill level 5 in Dodging
  4921 | D:6      | Found a basalt altar of Yredelemnul.
  5010 | D:6      | Found a white marble altar of Elyvilon.
  5062 | D:6      | Reached XP level 8. HP: 61/71 MP: 7/7
  5068 | D:6      | Reached *** piety under the Shining One
  5344 | D:6      | Found a deep blue altar of Sif Muna.
  5529 | D:7      | Reached skill level 5 in Armour
  5593 | D:7      | Found an iron altar of Okawaru.
  5776 | D:7      | Found a deep blue altar of Sif Muna.
  5785 | D:7      | Found a blossoming altar of Fedhas.
  5794 | D:7      | Found a shimmering altar of Xom.
  5822 | D:7      | Found a stormy altar of Qazlal.
  5827 | D:7      | Noticed Joseph
  5846 | D:7      | Killed Joseph
  5846 | D:7      | Reached XP level 9. HP: 62/81 MP: 8/8
  5872 | D:7      | Got a translucent chain mail
  5883 | D:7      | Identified the +7 chain mail of Wasted Space {+Inv rF+ Int-2 Dex+2} (You found it on level 7 of the Dungeon)
  5962 | D:7      | Noticed Menkaure
  5970 | D:7      | Killed Menkaure
  6008 | D:7      | Found a staircase to the Ecumenical Temple.
  6179 | D:7      | Found an ancient bone altar of Kikubaaqudgha.
  6275 | D:7      | Noticed Pikel
  6283 | D:7      | Killed Pikel
  6283 | D:7      | Reached skill level 1 in Axes
  6283 | D:7      | Reached skill level 10 in Unarmed Combat
  6579 | D:8      | Reached skill level 2 in Axes
  6583 | D:8      | Reached skill level 1 in Invocations
  6588 | D:8      | Reached XP level 10. HP: 40/93 MP: 9/9
  6651 | D:8      | Found a staircase to the Lair.
  6661 | D:8      | Reached skill level 10 in Fighting
  6662 | D:8      | Reached skill level 3 in Axes
  6672 | D:8      | Found a sand-covered staircase.
  6680 | Ossuary  | Entered an ossuary
  6698 | Ossuary  | Reached **** piety under the Shining One
  6736 | Ossuary  | Reached ***** piety under the Shining One
  6951 | D:8      | Found a white marble altar of Elyvilon.
  6976 | D:8      | Found Aximut's Distillery.
  6984 | D:8      | Bought 2 potions of curing for 84 gold pieces
  6984 | D:8      | Bought a potion of curing for 42 gold pieces
  6984 | D:8      | Bought a potion of heal wounds for 70 gold pieces
  7071 | D:8      | Reached skill level 4 in Axes
  7440 | D:8      | Reached skill level 5 in Axes
  7780 | D:9      | Reached skill level 6 in Axes
  8178 | D:9      | Reached skill level 7 in Axes
  8377 | D:10     | Entered Level 10 of the Dungeon
  8386 | D:10     | Noticed a hill giant
  8396 | D:10     | Killed a hill giant
  8396 | D:10     | Reached XP level 11. HP: 55/102 MP: 10/10
  9237 | D:11     | Noticed a seven-headed hydra
  9241 | D:11     | Killed a seven-headed hydra
  9241 | D:11     | Reached skill level 8 in Axes
  9351 | D:11     | Found a frozen archway.
  9357 | IceCv    | Entered an ice cave
  9373 | IceCv    | Reached ****** piety under the Shining One
  9384 | IceCv    | Identified a +5 war axe of holy wrath (a +3 war axe of flaming blessed by the Shining One)
  9384 | IceCv    | Received a gift from the Shining One
  9744 | IceCv    | Gained mutation: Your body sometimes deteriorates upon taking damage. [potion of mutation]
  9744 | IceCv    | Gained mutation: You are surrounded by a mild repulsion field (EV +2). [potion of mutation]
  9745 | IceCv    | Gained mutation: You tend to lose your temper in combat. [potion of mutation]
  9745 | IceCv    | Gained mutation: You have large cloven feet. [potion of mutation]
  9745 | IceCv    | Lost mutation: Your body sometimes deteriorates upon taking damage. [potion of mutation]
 10498 | IceCv    | Reached skill level 9 in Axes
 11074 | D:11     | Reached skill level 1 in Shields
 11085 | D:11     | Noticed Maud
 11107 | D:11     | Killed Maud
 11107 | D:11     | Reached skill level 10 in Axes
 11461 | D:11     | Noticed an unseen horror
 11474 | D:11     | Killed an unseen horror
 11474 | D:11     | Reached skill level 10 in Armour
 11474 | D:11     | Reached XP level 12. HP: 112/112 MP: 13/13
 11919 | D:12     | Noticed an eight-headed hydra
 11965 | D:12     | Killed a 13-headed hydra
 12118 | D:12     | Found a staircase to the Orcish Mines.
 12197 | D:12     | Noticed Harold
 12208 | D:12     | Killed Harold
 12208 | D:12     | Reached skill level 11 in Axes
 12376 | D:12     | Noticed Azrael
 12388 | D:12     | Killed Azrael
 13038 | D:13     | Reached skill level 12 in Axes
 13050 | D:13     | Reached skill level 5 in Shields
 13103 | D:13     | Gained mutation: Your system is resistant to poisons. [mutagenic meat]
 13104 | D:13     | Gained mutation: Your muscles are strong. (Str +2) [mutagenic meat]
 13106 | D:13     | Lost mutation: You tend to lose your temper in combat. [mutagenic meat]
 13543 | D:13     | Upgraded the game from 0.18.1-8-gdd0e5ea to 0.18.1-48-g4cf74bf
 13585 | D:13     | Noticed a five-headed hydra
 13596 | D:13     | Killed a six-headed hydra
 13766 | D:14     | Reached XP level 13. HP: 101/122 MP: 15/15
 13789 | D:14     | Reached skill level 1 in Evocations
 13800 | D:14     | Reached skill level 5 in Invocations
 14031 | D:14     | Noticed a vault guard
 14047 | D:14     | Noticed a vault guard
 14053 | D:14     | Killed a vault guard
 14053 | D:14     | Reached skill level 13 in Axes
 14057 | D:14     | Killed a vault guard
 14132 | D:14     | Found a gate to the Vaults.
 14652 | D:14     | Gained mutation: You are resistant to electric shocks. [mutagenic meat]
 14763 | D:15     | Entered Level 15 of the Dungeon
 14881 | D:15     | Found an ancient bone altar of Kikubaaqudgha.
 14881 | D:15     | Found a glowing silver altar of Zin.
 14882 | D:15     | Found a radiant altar of Vehumet.
 14902 | D:15     | Noticed Louise
 14910 | D:15     | Killed Louise
 14910 | D:15     | Reached skill level 14 in Axes
 15056 | D:15     | Gained mutation: Your mind is acute. (Int +2) [mutagenic meat]
 15058 | D:15     | Lost mutation: You have large cloven feet. [mutagenic meat]
 15102 | D:15     | Gained mutation: Armour fits poorly on your strangely shaped body. [mutagenic meat]
 15103 | D:15     | Lost mutation: Your mind is acute. (Int +2) [potion of cure mutation]
 15103 | D:15     | Lost mutation: You are resistant to electric shocks. [potion of cure mutation]
 15103 | D:15     | Lost mutation: Armour fits poorly on your strangely shaped body. [potion of cure mutation]
 15103 | D:15     | Lost mutation: Your system is resistant to poisons. [potion of cure mutation]
 15103 | D:15     | Lost mutation: Your muscles are strong. (Str +2) [potion of cure mutation]
 15133 | D:15     | Reached XP level 14. HP: 88/132 MP: 17/17
 15464 | D:15     | Noticed a frost giant
 15505 | D:15     | Killed a frost giant
 15872 | D:15     | Reached skill level 15 in Axes
 16113 | D:15     | Got a smoking morningstar
 16159 | D:15     | Got a smoking hand axe
 16160 | D:15     | Identified the cursed +0 morningstar of Scorn {flame, Str+5 Int+5 Dex-3} (You found it on level 15 of the Dungeon)
 16182 | D:15     | Identified the +7 hand axe "Yhuoh" {pain, MP+9} (You found it on level 15 of the Dungeon)
 16208 | D:15     | Noticed a frost giant
 16219 | D:15     | Killed a frost giant
 16553 | D:15     | Noticed a tengu reaver
 16564 | D:15     | Killed a tengu reaver
 16615 | D:15     | Gained mutation: Your mind is acute. (Int +2) [mutagenic meat]
 16616 | D:15     | Lost mutation: Your mind is acute. (Int +2) [mutagenic meat]
 16617 | D:15     | Gained mutation: You have a somewhat thin skeletal structure (Dex +2, Stealth). [mutagenic meat]
 16842 | D:15     | Reached skill level 15 in Fighting
 16965 | D:15     | Gained mutation: You tend to lose your temper in combat. [mutagenic meat]
 16966 | D:15     | Gained mutation: Your mind is acute. (Int +2) [mutagenic meat]
 16968 | D:15     | Gained mutation: You have a pair of large horns on your head. [mutagenic meat]
 16970 | D:15     | Gained mutation: Your magical capacity is low (-10% MP). [mutagenic meat]
 17017 | D:15     | Lost mutation: You are surrounded by a mild repulsion field (EV +2). [mutagenic meat]
 17073 | D:15     | Found a staircase to the Depths.
 17107 | D:15     | Noticed Urug
 17120 | D:15     | Killed Urug
 17120 | D:15     | Reached XP level 15. HP: 62/141 MP: 17/17
 17598 | Depths:1 | Entered Level 1 of the Depths
 17890 | Depths:1 | Noticed a frost giant
 17904 | Depths:1 | Killed a frost giant
 17986 | Depths:1 | Reached skill level 16 in Axes
 18274 | Depths:1 | Gained mutation: You often lose your temper in combat. [potion of mutation]
 18274 | Depths:1 | Gained mutation: Your flesh is cold resistant. [potion of mutation]
 18543 | Depths:1 | Reached skill level 10 in Dodging
 18714 | Depths:1 | Found a gateway to a ziggurat.
 18759 | Depths:1 | Noticed a sphinx
 18799 | Depths:1 | Killed a sphinx
 19084 | Depths:1 | Reached skill level 10 in Shields
 19221 | Depths:1 | Noticed a sphinx
 19229 | Depths:1 | Paralysed by a sphinx for 7 turns
 19233 | Depths:1 | Slain by an iron troll

Skill      XL: |  1  2  3  4  5  6  7  8  9 10 11 12 13 14 15 |
---------------+----------------------------------------------+-----
Unarmed Combat | 5 6 7 9 10 | 10.5
Fighting       | 4 5 6 8 9 11 12 13 14 15 | 15.8
Stealth        | 2 3 |  3.2
Dodging        | 4 5 7 8 9 10 | 10.1
Armour         | 1 2 3 5 7 8 10 11 12 13 | 13.1
Axes           | 2 7 10 12 14 15 16 | 16.7
Invocations    | 1 2 4 5 7 8 |  8.6
Shields        | 3 5 7 9 10 | 10.0
Evocations     | 1 2 |  2.0

Action                   |  1- 3 |  4- 6 |  7- 9 | 10-12 | 13-15 || total
-------------------------+-------+-------+-------+-------+-------++-------
Melee: Unarmed           |    80 |   141 |   207 |       |       ||   428
       Headbutt          |     7 |    17 |    44 |   114 |   208 ||   390
       Punch             |       |     3 |    12 |    13 |       ||    28
       War axe           |       |       |    38 |   531 |   695 ||  1264
Invok: Divine Shield     |       |     1 |     1 |     2 |       ||     4
       Summon Divine War |       |       |       |     5 |    17 ||    22
       Brand Weapon With |       |       |       |     1 |       ||     1
       Cleansing Flame   |       |       |       |     4 |     3 ||     7
Evoke: Wand              |       |       |       |     4 |     9 ||    13
       Deck              |       |       |       |     2 |     1 ||     3
       Lamp of fire      |       |       |       |       |     1 ||     1
       Box of beasts     |       |       |       |       |     1 ||     1
  Use: Scroll            |       |       |    14 |    12 |     6 ||    32
       Potion            |       |       |       |    24 |     9 ||    33
 Stab: Sleeping          |     1 |     1 |       |       |       ||     2
  Eat: Chunk             |     1 |     6 |     5 |    17 |    39 ||    68
       Pizza             |       |     1 |       |     9 |       ||    10
       Meat ration       |       |       |     1 |       |       ||     1
       Royal jelly       |       |       |     1 |       |       ||     1
       Fruit             |       |       |       |     1 |     4 ||     5
Armor: Robe              |    17 |     5 |       |       |       ||    22
       Plate armour      |       |    63 |   105 |       |       ||   168
       Chain mail        |       |       |    43 |   343 |   337 ||   723
       Skin              |       |       |       |    11 |    18 ||    29
Dodge: Dodged            |    61 |    49 |   101 |   366 |   340 ||   917
Block: Other             |       |     3 |       |       |       ||     3
       Buckler           |       |       |       |   108 |   294 ||   402
